[Event "*** Titled Tuesday 3|2 Blitz"]
[Site "Chess.com"]
[Date "2016.07.05"]
[Round "2"]
[White "MaestroASK"]
[Black "MinhGTrAn"]
[Result "1-0"]
[WhiteElo "2487"]
[BlackElo "2676"]
[TimeControl "180+2"]
[EndTime "17:24:23 PDT"]
[Termination "MaestroASK won on time"]

1. g3 Nf6 2. d3 d5 3. Bg2 Bf5 4.
Nd2 c6 5. e4 dxe4 6. dxe4 Bg6 7. Nh3 e5 8. Qe2 Nbd7 9. f3 Bc5 10. Nf2 O-O 11. O-O Qe7 12. Rd1 Rad8 13. Nf1 Bb6 14. Ne3 Nc5 15. a4 Rxd1+ 16. Nexd1 Ne6 17. c3 Nc5 18. Qc2 Qe6 19. Be3 Rd8 20. b4 Ncd7 21. Bh3 Qd6 22. a5 Bxe3 23. Nxe3 Nf8 24. Nc4 Qc7 25.
Rd1 Rxd1+ 26. Qxd1 Ne8 27. Ng4 f6 28. Nge3 Bf7 29. Kf2 g6 30. Qd3 Kg7 31. Ke1 b5 32. Nd2 a6 33. c4 bxc4 34. Ndxc4 c5 35. Qd2 cxb4 36. Qxb4 Ne6 37. Bxe6 Bxe6 38. Qb6 Bxc4 39. Qxc7+ Nxc7 40. Nxc4 Kf7 41. Kd2 Nb5 42. Kd3 Ke6 43. f4 Nd6 44. Nd2 Nb7 45. Nb3 Kd6 46. Kc4 Kc6 47. fxe5 fxe5 48. Kb4 Nd6 49. Nc5 g5 50. g4 h6 51. h3 Nb5 52. Nxa6 Nd4 53. Kc4 Ne2 54. Nb4+ Kb7 55. Kd5 Nf4+ 56. Kxe5 Nxh3 57.
Kf5 Nf4 58. e5 Kc7 59. a6 h5 60. gxh5 Nxh5 61. Kxg5 Ng7 62. Kg6 Ne6 63. Kf6 Nc5 64. e6 Kd8 65. Kf7 1-0

[Event "*** Titled Tuesday 3|2 Blitz"]
[Site "Chess.com"]
[Date "2016.07.05"]
[Round "2"]
[White "WanderingPuppet"]
[Black "Astaneh"]
[Result "1/2-1/2"]
[WhiteElo "2274"]
[BlackElo "2447"]
[TimeControl "180+2"]
[EndTime "17:27:00 PDT"]
[Termination "Game drawn by repetition"]

1. e4 c6 2. Nc3 d5 3. Nf3 Bg4 4. d4 dxe4 5. Nxe4 Bxf3 6. Qxf3 Qxd4 7. Be3 Qxb2 8. Bc4 Qxa1+ 9. Ke2 Qf6 10. Nxf6+ Nxf6 11. Rd1 e6 12. Kf1 Nbd7 13. Bf4 Be7 14. Qb3 Nc5 15.
Qe3 Nd5 16. Bxd5 cxd5 17. c4 dxc4 18. Bd6 Bxd6 19. Rxd6 b6 20. Qc3 O-O 21. Qxc4 Rac8 22. Rd1 Rc7 23. Qf4 Rb7 24. g3 h6 25. h4 Rc8 26. Kg2 Rbc7 27. Rd2 Nd7 28. Qa4 Nf6 29. Qa6 Nd5 30. Qd3 Rc5 31. Qa3 R8c7 32. Qf3 a5 33. Qe4 b5 34. Qe5 b4 35. Qd6 Rc8 36. Qd7 R5c6 37. Qa7 Rc5 38. Re2 h5 39. Re5 g6 40. Re2 Kg7 41. Qa6 R8c6 42. Qd3 Rc4 43. Qf3 R6c5 44. Qd3 a4 45. Rb2 Rxh4 46. Qf3 Rhc4 47.
Re2 Nc3 48. Rc2 Rf5 49. Qd3 Rcc5 50. a3 Rfd5 51. Qf3 Rf5 52. Qd3 Rcd5 53. Qe3 Rfe5 54. Qf3 Ne2 55. Rxe2 Rxe2 56. Qxe2 bxa3 57. Qa2 Rd3 58.
Kf1 Rb3 59. Kg2 Kh6 60. Qd2+ Kg7 61. Qd4+ Kg8 62. Qxa4 Rc3 63. Qa8+ Kg7 64. Qa7 Kg8 65. Qb8+ Kh7 66. Qe5 Rb3 67. Qf6 Kg8 68. Qd8+ Kg7 69. Qa8 Rb5 70. Qxa3 Rf5 71. Qc3+ Kh6 72. f4 Kh7 73.
Qc8 Kg7 74. Qd8 Kh7 75. Qf8 Rf6 76. Qe7 Kg7 77. Kh3 Rf5 78. Qd8 Rd5 79. Qa8 Rf5 80. Qa1+ Kg8 81. Qd4 Rd5 82. Qc4 Kg7 83. Qc8 Rf5 84.
Qd8 Rd5 85. Qc8 Rf5 86. Kg2 h4 87. Qc3+ Kh7 88. Qe3 hxg3 89. Kxg3 Kg7 90. Kg4 Kg8 91. Qc3 Kh7 92. Qh3+ Kg7 93. Qc3+ Kh7 94. Qh3+ Kg7 95. Qc3+ Kh7 96. Qh3+ Rh5 97. Qa3 Kg7 98.
Qc3+ Kh7 99. Qc8 Kg7 100. Qd8 Rd5 101. Qb8 Rf5 102. Qb2+ Kg8 103. Qb8+ Kg7 104. Qb2+ Kg8 105. Qb8+ Kg7 1/2-1/2

[Event "*** Titled Tuesday 3|2 Blitz"]
[Site "Chess.com"]
[Date "2016.07.05"]
[Round "3"]
[White "rithwik2002"]
[Black "TyIerDurden"]
[Result "0-1"]
[WhiteElo "1990"]
[BlackElo "2436"]
[TimeControl "180+2"]
[EndTime "17:31:11 PDT"]
[Termination "TyIerDurden won by resignation"]

1. d4 d5 2. Bf4 c6 3. e3 Nf6 4.
Nf3 e6 5. Bd3 Bd6 6. Bxd6 Qxd6 7. c4 b6 8. Nc3 Bb7 9. cxd5 cxd5 10. Rc1 Nc6 11. h3 O-O 12. O-O a6 13. Qb3 b5 14.
Qc2 Nb4 15. Qb1 Nxd3 16. Qxd3 Rac8 17. a3 Ne4 18. Nd2 Nxc3 19. Rxc3 b4 20. axb4 Qxb4 21. Rb3 Qe7 22. Nf3 Rc7 23. Ne5 f6 24. Nf3 Rfc8 25. Rc3 Rxc3 26. bxc3 Qa3 27. Rb1 Rxc3 28. Qe2 Bc8 29.
Rb8 Rc1+ 30. Kh2 Qd6+ 0-1

[Event "*** Titled Tuesday 3|2 Blitz"]
[Site "Chess.com"]
[Date "2016.07.05"]
[Round "3"]
[White "Quiet_Desperation"]
[Black "ruifeng"]
[Result "0-1"]
[WhiteElo "2155"]
[BlackElo "2306"]
[TimeControl "180+2"]
[EndTime "17:31:12 PDT"]
[Termination "ruifeng won by resignation"]

1. e4 d5 2. exd5 Nf6 3. Nc3 Nxd5 4. Nf3 Nxc3 5. bxc3 g6 6. d4 Bg7 7. h3 O-O 8. Bd3 c5 9. Be3 Nc6 10. O-O cxd4 11.
cxd4 Nxd4 12. Nxd4 Bxd4 13. Bxd4 Qxd4 14. Qe2 Qf6 15.
Rab1 b6 16. f4 Bf5 17. Rfe1 e6 18. Bxf5 Qxf5 19. Rf1 Rac8 20. c4 Rc5 21. g4 Qf6 22.
Rbd1 Rfc8 23. Rd7 R8c7 24. g5 Qc3 25. Rd8+ Kg7 26. f5 exf5 27. Qf2 Rxc4 28. Qh4 0-1

[Event "*** Titled Tuesday 3|2 Blitz"]
[Site "Chess.com"]
[Date "2016.07.05"]
[Round "3"]
[White "pedromartinez91"]
[Black "SidArun"]
[Result "1-0"]
[WhiteElo "2312"]
[BlackElo "2068"]
[TimeControl "180+2"]
[EndTime "17:31:32 PDT"]
[Termination "pedromartinez91 won by resignation"]

1. e4 c6 2. c4 d5 3. cxd5 cxd5 4. exd5 Nf6 5. Qa4+ Nbd7 6. Nc3 g6 7. Nf3 Bg7 8. Bc4 O-O 9. d3 a6 10. Qa3 Rb8 11. Bf4 Ra8 12. O-O Nb6 13. Qb3 Bf5 14. Rfe1 Nxc4 15. dxc4 b6 16. Nd4 Bd7 17. Rad1 Rc8 18.
Nc6 Bxc6 19. dxc6 Qe8 20. Nd5 e6 21. Bd6 Qxc6 22. Ne7+ 1-0

[Event "*** Titled Tuesday 3|2 Blitz"]
[Site "Chess.com"]
[Date "2016.07.05"]
[Round "3"]
[White "Newlight1"]
[Black "vellottiwizard"]
[Result "1-0"]
[WhiteElo "2277"]
[BlackElo "2514"]
[TimeControl "180+2"]
[EndTime "17:32:45 PDT"]
[Termination "Newlight1 won by resignation"]

1. e4 e5 2. Nf3 d5 3. exd5 e4 4. Qe2 Nf6 5. d3 Qxd5 6. Nbd2 Be7 7. dxe4 Qh5 8. Nd4 Qg6 9. N2f3 Qxe4 10. Qxe4 Nxe4 11.
Bd3 Nc5 12. Bc4 O-O 13. O-O Nbd7 14. Re1 Bf6 15. c3 Nb6 16. Bf1 Bg4 17. Bf4 c6 18. Bd6 Nca4 19. Bxf8 Rxf8 20. Ne5 Bxe5 21. Rxe5 Nxb2 22. Rb1 N2a4 23. h3 Bc8 24. c4 Rd8 25.
Nf3 Kf8 26. Ra5 Nc3 27. Rc1 Ne4 28. Rxa7 f6 29. Ra5 Kf7 30. c5 Nd7 31. Bc4+ Kf8 32.
Be6 Ke7 33. Bxd7 Rxd7 34. Re1 f5 35. Ng5 1-0

[Event "*** Titled Tuesday 3|2 Blitz"]
[Site "Chess.com"]
[Date "2016.07.05"]
[Round "3"]
[White "matein28"]
[Black "WanderingPuppet"]
[Result "1/2-1/2"]
[WhiteElo "2358"]
[BlackElo "2276"]
[TimeControl "180+2"]
[EndTime "17:32:52 PDT"]
[Termination "Game drawn by repetition"]

1. d4 Nf6 2. c4 g6 3. Nf3 Bg7 4.
g3 d6 5. Bg2 O-O 6. O-O Nc6 7.
Nc3 a6 8. b3 Bd7 9. Bb2 Rb8 10.
Re1 b5 11. cxb5 axb5 12. e4 b4 13. Nd5 e6 14. Nxf6+ Bxf6 15. e5 Bg7 16. Rc1 Ne7 17. Ba1 Bc6 18. Qc2 Rb6 19. Re3 Nf5 20. Ree1 Qa8 21.
Qe2 Rd8 22. g4 Ne7 23. Nh4 Bxg2 24. Nxg2 dxe5 25. dxe5 Nd5 26. Rc4 Ra6 27. Rc2 Qa7 28.
Rd1 Ra8 29. Rdd2 Qb6 30. h4 Qb8 31. f4 Qd8 32. Ne3 Qxh4 33. Nxd5 exd5 34. Rxd5 Qg3+ 35.
Kh1 Qh3+ 36. Kg1 Qg3+ 37. Kh1 Qh3+ 38. Kg1 Qg3+ 1/2-1/2

[Event "*** Titled Tuesday 3|2 Blitz"]
[Site "Chess.com"]
[Date "2016.07.05"]
[Round "3"]
[White "theprosecution1"]
[Black "RobertoJBM"]
[Result "0-1"]
[WhiteElo "2454"]
[BlackElo "2336"]
[TimeControl "180+2"]
[EndTime "17:33:07 PDT"]
[Termination "RobertoJBM won by checkmate"]

1. d4 d5 2. c4 c6 3. Nf3 Nf6 4. e3 Bf5 5. Nc3 e6 6. Nh4 Bg6 7. Nxg6 hxg6 8. Bd2 Nbd7 9. Rc1 Bd6 10. g3 O-O 11. Qb3 Qb6 12. Qc2 Qd8 13. c5 Bc7 14. f4 Re8 15. Bd3 b6 16. b4 a5 17.
a3 axb4 18. axb4 bxc5 19. bxc5 Ba5 20. O-O Qc7 21. Ra1 Ng4 22. Be2 Nh6 23. g4 f5 24.
g5 Nf7 25. h4 Kf8 26. h5 Nxg5 27. hxg6 Bxc3 28. Bxc3 Ne4 29. Rxa8 Rxa8 30. Be1 Qa7 31. Bf3 Qa3 32. Qe2 Qa2 33. Qd1 Ndf6 34. Bxe4 dxe4 35.
Bh4 Ng4 36. Qe1 Qh2# 0-1

[Event "*** Titled Tuesday 3|2 Blitz"]
[Site "Chess.com"]
[Date "2016.07.05"]
[Round "3"]
[White "Semetey"]
[Black "Konavets"]
[Result "0-1"]
[WhiteElo "2438"]
[BlackElo "2503"]
[TimeControl "180+2"]
[EndTime "17:33:12 PDT"]
[Termination "Konavets won by checkmate"]

1. d4 b5 2. e4 a6 3. Nf3 Bb7 4. Bd3 e6 5. O-O Be7 6. a4 b4 7. Bf4 Nf6 8. Nbd2 d5 9. Qe2 c5 10. c3 Nc6 11. e5 Nd7 12. Be3 h5 13. h3 g5 14. dxc5 bxc3 15. bxc3 g4 16. hxg4 hxg4 17. Nd4 Ncxe5 18. Bf4 Nxd3 19. Qxd3 Nxc5 20. Qg3 Kd7 21.
Rab1 Qg8 22. N2b3 Ne4 23. Na5 Bc8 24. Nac6 Nxg3 25. fxg3 Bc5 26. Be5 Rh5 27. Rf4 Rh1+ 28. Kxh1 Qh7+ 29. Kg1 Qxb1+ 30. Kh2 Qh7+ 31. Kg1 Qb1+ 32.
Kh2 f5 33. Bf6 Bd6 34. Ne5+ Bxe5 35. Bxe5 Bb7 36. Rf2 Rf8 37. a5 Rf7 38. Ne2 Rh7# 0-1

[Event "*** Titled Tuesday 3|2 Blitz"]
[Site "Chess.com"]
[Date "2016.07.05"]
[Round "3"]
[White "goingin33"]
[Black "ChrisTool2"]
[Result "1-0"]
[WhiteElo "2152"]
[BlackElo "2291"]
[TimeControl "180+2"]
[EndTime "17:33:13 PDT"]
[Termination "goingin33 won by resignation"]

1. e4 c5 2. Nf3 e6 3. d4 cxd4 4. Nxd4 a6 5. Nc3 Qc7 6. g3 Nf6 7. Bg2 d6 8. O-O Nbd7 9. a4 Be7 10. a5 O-O 11. f4 Nc5 12. g4 Rd8 13. g5 Ne8 14. Rf3 b5 15. axb6 Qxb6 16. Kh1 Bb7 17. Rh3 g6 18. f5 exf5 19. exf5 Bf8 20. Nd5 Qa7 21. Qg4 Nd7 22. Qh4 Bg7 23. f6 Bxd5 24. Qxh7+ Kf8 25. Qh8+ 1-0

[Event "*** Titled Tuesday 3|2 Blitz"]
[Site "Chess.com"]
[Date "2016.07.05"]
[Round "3"]
[White "EltajSafarli"]
[Black "MaestroASK"]
[Result "1-0"]
[WhiteElo "2801"]
[BlackElo "2484"]
[TimeControl "180+2"]
[EndTime "17:33:55 PDT"]
[Termination "EltajSafarli won by resignation"]

1. d4 d6 2. c4 g6 3. Nc3 c6 4. Nf3 Bg7 5. g3 e5 6. Bg2 f6 7. O-O Nh6 8. b4 Nf7 9. b5 O-O 10. a4 a5 11. Ba3 Re8 12. Qc2 f5 13. dxe5 dxe5 14. Rfd1 Qc7 15. e4 f4 16. c5 Bg4 17.
h3 Be6 18. Ne2 g5 19. Nc1 Qe7 20. Nd3 Nd7 21. Rab1 Reb8 22. Nd2 h5 23. Nc4 g4 24.
h4 f3 25. Bf1 Bxc4 26. Qxc4 Nf8 27. Ne1 Bf6 28. Nc2 Ne6 29. Ne3 Nd4 30. Rxd4 exd4 31.
Nf5 Qf8 32. Qe6 Bg7 33. Bc4 Kh7 34.
Qxf7 Qxf7 35. Bxf7 d3 36. Bxh5 Rd8 37. Bxg4 Rd4 38. Nxd4 1-0

[Event "*** Titled Tuesday 3|2 Blitz"]
[Site "Chess.com"]
[Date "2016.07.05"]
[Round "3"]
[White "JusticeBot"]
[Black "Hikaru"]
[Result "0-1"]
[WhiteElo "2559"]
[BlackElo "3002"]
[TimeControl "180+2"]
[EndTime "17:34:24 PDT"]
[Termination "Hikaru won by resignation"]

1. e4 c5 2. c3 d5 3. exd5 Qxd5 4. d4 Nf6 5. Nf3 e6 6. Be2 Nc6 7. O-O cxd4 8. cxd4 Be7 9. Nc3 Qd6 10. Be3 O-O 11.
a3 b6 12. Qd2 Bb7 13. Rfd1 Na5 14. Bf4 Qd8 15. Qe3 Nd5 16. Nxd5 Qxd5 17. Qe5 Rac8 18. Rac1 Nb3 19. Rb1 Rfd8 20. Qxd5 Bxd5 21. Be3 Bf6 22. Ba6 Rc6 23. Bb7 Rcd6 24. Bxd5 Rxd5 25. Rd3 Nxd4 26. Bxd4 Bxd4 27. Rxd4 Rxd4 28. Nxd4 Rxd4 29. Rc1 g5 30. h3 Rd2 31. Rc7 a5 32. b3 Rd3 33. b4 axb4 34. axb4 Rd4 35. b5 Rd5 36. Kh2 Rxb5 37.
Kg3 Kg7 38. Rc8 Rb3+ 39. Kg4 Rb2 40. Kxg5 Rxf2 41. g4 b5 42. Rb8 Rb2 43. Rb7 b4 44. h4 b3 45. Kh5 h6 46. Rb4 Rb1 47. Rb6 b2 48. Rb5 e5 49. g5 hxg5 50. Rb3 e4 51. Rb5 gxh4 52. Rg5+ Kf8 53. Rb5 h3 54. Rb8+ Kg7 55.
Rb7 e3 0-1

[Event "*** Titled Tuesday 3|2 Blitz"]
[Site "Chess.com"]
[Date "2016.07.05"]
[Round "3"]
[White "dawtonlms"]
[Black "AungTZ"]
[Result "1-0"]
[WhiteElo "2165"]
[BlackElo "2125"]
[TimeControl "180+2"]
[EndTime "17:34:35 PDT"]
[Termination "dawtonlms won on time"]

1. e4 c5 2. Nf3 Nc6 3. Bb5 e6 4.
Bxc6 bxc6 5. d3 d6 6. Qe2 e5 7. c3 Be7 8. h3 f5 9. Nbd2 Nf6 10. O-O O-O 11. Re1 Kh8 12. d4 fxe4 13. Nxe4 Nxe4 14. Qxe4 cxd4 15. cxd4 Bf5 16. Qxc6 e4 17. Nh2 d5 18. Nf1 Rc8 19. Qa6 Rf6 20. Qxa7 Rg6 21. Ng3 Be6 22. Bf4 h5 23. Nxh5 Bxh3 24. Ng3 Bg4 25. Rac1 Ra8 26. Qc7 Qf8 27. Be3 Bd6 28. Qc6 Kh7 29. Qxd5 Bxg3 30. fxg3 Bf3 31. Bf4 Bxg2 32. Kxg2 Qxf4 33. Rh1+ 1-0

[Event "*** Titled Tuesday 3|2 Blitz"]
[Site "Chess.com"]
[Date "2016.07.05"]
[Round "3"]
[White "GianmarcoVaR"]
[Black "jcibarra"]
[Result "0-1"]
[WhiteElo "2400"]
[BlackElo "2661"]
[TimeControl "180+2"]
[EndTime "17:34:53 PDT"]
[Termination "jcibarra won on time"]

1. d4 Nf6 2. c4 d6 3. g3 g6 4. Bg2 Bg7 5. Nc3 O-O 6. Nf3 Nc6 7. O-O Bf5 8. Ne1 Na5 9. b3 c5 10. Bb2 cxd4 11. Qxd4 Ng4 12. Qd2 Ne5 13. Nf3 Nexc4 14. bxc4 Nxc4 15. Qc1 Qa5 16. Nd1 Nxb2 17. Nxb2 Rac8 18.
Nc4 Qa6 19. Nfd2 b5 20. Qa3 Qxa3 21. Nxa3 Bxa1 22. Rxa1 a6 23. Rd1 Rc3 24. Nb3 Be6 25. Bd5 Bxd5 26. Rxd5 Rfc8 27. Kg2 Kf8 28. Nb1 Rc2 29.
Rd2 Rxd2 30. N1xd2 Rc2 31. a3 Ra2 32. Nb1 Rxe2 33.
N3d2 Ke8 34. Kf3 Re1 35. h4 Kd7 36. Nc3 Ra1 37. Ndb1 d5 38. Ke3 e5 0-1

[Event "*** Titled Tuesday 3|2 Blitz"]
[Site "Chess.com"]
[Date "2016.07.05"]
[Round "3"]
[White "Astaneh"]
[Black "akinov-akinseye"]
[Result "1-0"]
[WhiteElo "2448"]
[BlackElo "1889"]
[TimeControl "180+2"]
[EndTime "17:35:17 PDT"]
[Termination "Astaneh won by resignation"]

1. d4 d5 2. Nf3 Nf6 3. c4 dxc4 4. Nc3 e6 5. e3 c5 6. Bxc4 cxd4 7. exd4 Be7 8. O-O O-O 9. Bg5 Nc6 10. Rc1 a6 11.
Re1 b5 12. Bb3 Bb7 13. Qd2 h6 14. Bxh6 gxh6 15. Qxh6 Nxd4 16. Nxd4 Qxd4 17. Rxe6 fxe6 18. Bxe6+ Rf7 19. Qg6+ Kh8 20. Bxf7 Qg4 21. Qxg4 Nxg4 22. Bd5 Bxd5 23. Nxd5 Bg5 24. f4 Rd8 25. Rc5 Bh6 26. Nc3 Bg7 27. Rh5+ Kg8 28. Rg5 Ne3 29. b3 Kf8 30. Ne4 Bd4 31. h3 Ba7 32. Nc5 Nc2 33. Kh2 Bxc5 34. Rxc5 Nb4 35. a4 bxa4 36. bxa4 Rd5 37.
Rc4 a5 38. g4 Nd3 39. Kg3 Rc5 40. Rd4 Rc3 41. Kh4 Nxf4 42. Rxf4+ Kg7 43. Rf5 Rc4 44. Rxa5 1-0

[Event "*** Titled Tuesday 3|2 Blitz"]
[Site "Chess.com"]
[Date "2016.07.05"]
[Round "3"]
[White "Izoria123"]
[Black "FairChess_on_YouTube"]
[Result "1/2-1/2"]
[WhiteElo "2602"]
[BlackElo "2731"]
[TimeControl "180+2"]
[EndTime "17:35:21 PDT"]
[Termination "Game drawn by repetition"]

1. e4 c5 2. Nf3 e6 3. d4 cxd4 4. Nxd4 Nc6 5. Nc3 a6 6. Nxc6 bxc6 7. e5 Qc7 8. Qe2 Rb8 9. g3 Ne7 10. Bg2 Nd5 11. O-O Nxc3 12. bxc3 Be7 13. Qg4 g6 14. Bg5 Bxg5 15. Qxg5 O-O 16. Rab1 Rb5 17. Rxb5 cxb5 18. h4 Bb7 19. Bxb7 Qxb7 20. Rd1 h5 21. Rd3 Qe4 22.
Qf6 Qe2 23. Rxd7 Qxc2 24. Rd8 Qxa2 25. Rxf8+ Kxf8 26. Qh8+ Ke7 27. Qf6+ Ke8 28. Qh8+ Kd7 29. Qf8 Qb1+ 30. Kh2 Kc6 31. Qd6+ Kb7 32. Qd7+ Kb6 33. Qd8+ Kb7 34. Qd7+ Kb6 35. Qd8+ Kc6 36. Qd6+ Kb7 37. Qd7+ Kb6 1/2-1/2

[Event "*** Titled Tuesday 3|2 Blitz"]
[Site "Chess.com"]
[Date "2016.07.05"]
[Round "3"]
[White "wonderfultime"]
[Black "ChessNinja48"]
[Result "1-0"]
[WhiteElo "2659"]
[BlackElo "2330"]
[TimeControl "180+2"]
[EndTime "17:35:22 PDT"]
[Termination "wonderfultime won by resignation"]

1. d4 Nf6 2. c4 c6 3. Nc3 d5 4. e3 g6 5. Nf3 Bg7 6. h3 O-O 7. Be2 a6 8. O-O b5 9. b3 Bb7 10. Qc2 Nbd7 11. Bb2 Rc8 12. Rac1 b4 13. Na4 Ne4 14.
Rfd1 e6 15. a3 a5 16. Bd3 f5 17. axb4 axb4 18. Qe2 Qe7 19. Ne5 Nxe5 20. dxe5 c5 21. cxd5 exd5 22. f3 Ng5 23. Bb5 Rfd8 24. Rc2 Bf8 25.
Rcd2 Qe6 26. Qf2 Nf7 27. f4 Ba8 28. Qe2 Be7 29. Rc2 Rc7 30. Rdc1 Rdc8 31. Ba6 Rd8 32. Nxc5 Bxc5 33. Rxc5 Ra7 34. Bd3 Ra2 35. R1c2 d4 36.
Bxd4 Rxc2 37. Qxc2 Bd5 38. Rxd5 Qxd5 39. Bc4 1-0

[Event "*** Titled Tuesday 3|2 Blitz"]
[Site "Chess.com"]
[Date "2016.07.05"]
[Round "3"]
[White "Zenzo"]
[Black "saraswathii"]
[Result "1-0"]
[WhiteElo "2386"]
[BlackElo "2066"]
[TimeControl "180+2"]
[EndTime "17:35:29 PDT"]
[Termination "Zenzo won by checkmate"]

1. e4 c5 2. Nf3 e6 3. d4 cxd4 4. Nxd4 Nf6 5. Nc3 Nc6 6. Ndb5 Bb4 7. a3 Bxc3+ 8. Nxc3 d5 9. exd5 exd5 10. Bd3 d4 11. Ne2 O-O 12. O-O Qd5 13. Nf4 Qd6 14. Nh5 Nxh5 15. Qxh5 h6 16. Re1 Qf6 17. Bd2 Be6 18. Re4 Rfd8 19. Rf4 Qe5 20. Qf3 Bd5 21. Qg3 Kh8 22.
Re1 Qd6 23. Rh4 Qxg3 24. hxg3 Re8 25. Rxe8+ Rxe8 26. Bb5 Be4 27. c3 dxc3 28. Bxc3 Kg8 29. f3 Bd5 30. Kf2 a6 31. Bf1 Bb3 32. Rg4 g6 33.
Rh4 Kh7 34. Bd2 h5 35. g4 Re5 36. gxh5 gxh5 37. Bc3 Rd5 38. g4 Kg6 39. gxh5+ Rxh5 40. Bd3+ Kg5 41. Rg4+ Kh6 42. Bg7# 1-0

[Event "*** Titled Tuesday 3|2 Blitz"]
[Site "Chess.com"]
[Date "2016.07.05"]
[Round "3"]
[White "Rock700chess"]
[Black "ZapataCharlesS"]
[Result "0-1"]
[WhiteElo "2213"]
[BlackElo "2476"]
[TimeControl "180+2"]
[EndTime "17:35:32 PDT"]
[Termination "ZapataCharlesS won by resignation"]

1. d4 Nf6 2. c4 e6 3. Nc3 Bb4 4.
f3 c5 5. d5 O-O 6. e4 exd5 7. cxd5 d6 8. Ne2 b5 9. Ng3 a6 10. a4 Bb7 11. axb5 Qb6 12. bxa6 Bxa6 13. Bxa6 Rxa6 14. Rxa6 Qxa6 15. Qe2 c4 16. Nf5 Bc5 17.
Ne3 Nbd7 18. O-O Ne5 19. Kh1 Nd3 20. Nf5 Re8 21. Be3 Nd7 22. Bxc5 N7xc5 23. Nb5 Qxb5 24. Nxd6 Qd7 25. Nxe8 Qxe8 26. Qc2 Qb5 27. Ra1 h6 28. Ra8+ Kh7 29. Ra7 Qxb2 30. Qxb2 Nxb2 31. Rc7 Nbd3 32. Ra7 c3 33. d6 c2 34. Ra1 c1=Q+ 35. Rxc1 Nxc1 36. e5 N1d3 37. f4 Nxf4 0-1

[Event "*** Titled Tuesday 3|2 Blitz"]
[Site "Chess.com"]
[Date "2016.07.05"]
[Round "3"]
[White "bilelou"]
[Black "Evgeny_Levin"]
[Result "0-1"]
[WhiteElo "2283"]
[BlackElo "2649"]
[TimeControl "180+2"]
[EndTime "17:35:52 PDT"]
[Termination "Evgeny_Levin won by resignation"]

1. d4 Nf6 2. c4 e6 3. Nf3 b6 4. g3 Bb7 5. Bg2 Be7 6. O-O O-O 7. Nc3 Ne4 8. Bd2 Bf6 9. Nxe4 Bxe4 10. Bc3 d6 11. Ne1 Bxg2 12. Nxg2 Nd7 13. e4 c5 14. Rc1 Rc8 15. d5 exd5 16. Qxd5 Bxc3 17. Rxc3 Nf6 18.
Qd3 Re8 19. f3 Qe7 20. Ne3 g6 21. Rd1 Rcd8 22. Rc2 Qb7 23. Qc3 Re6 24. Rcd2 a6 25. Nd5 Nxd5 26. Rxd5 Qe7 27. a4 Rc8 28. Qd3 Rc6 29. Kg2 Qf6 30. Rd2 h5 31. h4 Kf8 32.
Qe3 Kg7 33. Qf2 Rc8 34. R2d3 Rb8 35. Qd2 b5 36. axb5 axb5 37. cxb5 Rxb5 38. b3 Rb6 39. Qc3 Qxc3 40. Rxc3 Kf6 41. Rcd3 Ke7 42. Kf2 f6 43.
Ke3 Re5 44. g4 Rxd5 45. exd5 Rb4 46. gxh5 gxh5 47. f4 Kf7 48. Kf3 Kg6 49. Re3 Rd4 50.
Re4 Rd3+ 51. Kf2 Kf5 52. Rc4 Rxb3 0-1

[Event "*** Titled Tuesday 3|2 Blitz"]
[Site "Chess.com"]
[Date "2016.07.05"]
[Round "3"]
[White "popov_m"]
[Black "Superfelix"]
[Result "0-1"]
[WhiteElo "2231"]
[BlackElo "2344"]
[TimeControl "180+2"]
[EndTime "17:35:55 PDT"]
[Termination "Superfelix won by checkmate"]

1. c4 Nf6 2. g3 g6 3. Bg2 d5 4.
cxd5 Nxd5 5. Nc3 Nb6 6. Nf3 Bg7 7. d3 O-O 8. O-O Nc6 9. Be3 e5 10. Rc1 Nd4 11. Na4 Nxe2+ 12. Qxe2 Nxa4 13. Rfd1 c6 14. d4 e4 15. Ng5 Nb6 16. Nxe4 Nd5 17. Bg5 f6 18.
Bd2 Re8 19. Qc4 Kh8 20. Nc5 b6 21. Nb3 Bb7 22. Bxd5 cxd5 23. Qc7 Ba6 24. Qxd8 Raxd8 25. Rc7 Bc4 26. Rxa7 Ra8 27. Rxa8 Rxa8 28. Bc3 Rxa2 29. Nd2 Bd3 30. Re1 Kg8 31. Re7 Bh6 32. f4 g5 33.
fxg5 Bxg5 34. Rb7 Be3+ 35. Kh1 Bxd2 36. Bxd2 Rxb2 37. Bh6 Be4+ 38. Kg1 Rg2+ 39. Kf1 Rxh2 40. Bf4 Rb2 41. Bh6 Rh2 42. Bf4 b5 43. Rxb5 Rh1+ 44.
Kf2 Kf7 45. Rb6 Rh2+ 46. Ke3 Ra2 47. Bb8 Ra3+ 48. Kf4 h5 49. g4 Rf3# 0-1

[Event "*** Titled Tuesday 3|2 Blitz"]
[Site "Chess.com"]
[Date "2016.07.05"]
[Round "3"]
[White "E-Shaposhnikov"]
[Black "anon97531"]
[Result "1-0"]
[WhiteElo "2658"]
[BlackElo "2299"]
[TimeControl "180+2"]
[EndTime "17:36:03 PDT"]
[Termination "E-Shaposhnikov won by resignation"]

1. e4 e6 2. d4 d5 3. Nc3 Bb4 4. Bd3 dxe4 5. Bxe4 Nf6 6. Bf3 Nc6 7. Ne2 O-O 8. O-O Bd7 9. a3 Be7 10. Bf4 Bd6 11. Re1 Rb8 12. Qd2 Bxf4 13. Nxf4 Ne7 14.
Rad1 Ng6 15. d5 Nxf4 16. Qxf4 exd5 17. Nxd5 Nxd5 18. Bxd5 Qc8 19. Re7 Be6 20. Bxe6 fxe6 21. Qe5 Rf7 22. Rxe6 c6 23. Qe3 a6 24. Re1 Qf8 25.
f3 Rd8 26. Re8 Rxe8 27. Qxe8 g6 28. Kf2 Kg7 29. Qxf8+ Kxf8 30. Re4 Rd7 31. Ke2 Kf7 32. a4 Kf6 33. h4 h6 34. g3 g5 35. h5 Rd5 36. g4 b5 37. a5 c5 38. Re8 Rd6 39. c3 c4 40. Rb8 Ke5 41. Rb6 Rxb6 42. axb6 Kd6 43. f4 gxf4 44. g5 hxg5 45. b7 Kc7 46.
b8=Q+ Kxb8 47. h6 1-0

[Event "*** Titled Tuesday 3|2 Blitz"]
[Site "Chess.com"]
[Date "2016.07.05"]
[Round "3"]
[White "LaStreetCmaMaison"]
[Black "DanielNaroditsky"]
[Result "1-0"]
[WhiteElo "2489"]
[BlackElo "2676"]
[TimeControl "180+2"]
[EndTime "17:36:07 PDT"]
[Termination "LaStreetCmaMaison won by resignation"]

1. b3 e5 2. Bb2 Nc6 3. e3 Nf6 4. Bb5 e4 5. Ne2 a6 6. Bxc6 dxc6 7. O-O Bd6 8. Ng3 Ng4 9. Qe1 Qh4 10. h3 Ne5 11.
Bxe5 Bxe5 12. Nc3 f5 13. f4 exf3 14. Rxf3 O-O 15. Qf2 Be6 16. Rf1 g6 17. d4 Bd6 18.
Nge2 Qxf2+ 19. R1xf2 c5 20. e4 fxe4 21. Nxe4 cxd4 22.
Nxd6 Rxf3 23. Rxf3 cxd6 24. Nxd4 Bd5 25. Rf6 Rd8 26. c4 Bf7 27. g4 Kg7 28. g5 h6 29.
h4 hxg5 30. hxg5 a5 31. Kg2 a4 32. Kg3 axb3 33. axb3 b6 34. Kf4 d5 35. Nc6 Re8 36. Ne5 Bg8 37. Rxg6+ Kh7 38. Rxb6 dxc4 39. bxc4 Re7 40.
c5 Bd5 41. Rd6 Be6 42. c6 Kg7 43. Rd7 1-0

[Event "*** Titled Tuesday 3|2 Blitz"]
[Site "Chess.com"]
[Date "2016.07.05"]
[Round "3"]
[White "SavelijTartakover"]
[Black "dcremisi"]
[Result "1-0"]
[WhiteElo "2521"]
[BlackElo "2238"]
[TimeControl "180+2"]
[EndTime "17:36:11 PDT"]
[Termination "SavelijTartakover won by resignation"]

1. d4 e6 2. c4 Nf6 3. Nf3 d5 4. Nc3 Be7 5. Bg5 c6 6. e3 Ne4 7. Bxe7 Qxe7 8. Qc2 Nxc3 9. Qxc3 O-O 10. Be2 b6 11. O-O Bb7 12. Rac1 Nd7 13. Rfd1 dxc4 14.
Bxc4 c5 15. d5 exd5 16. Bxd5 Bxd5 17. Rxd5 Nf6 18. Rdd1 Rfd8 19. h3 Rxd1+ 20. Rxd1 Rd8 21. Rxd8+ Qxd8 22. Qe5 h6 23. Kh2 Ne8 24. e4 Qd6 25.
Kg3 f6 26. Qxd6 Nxd6 27. Nd2 Kf7 28. f4 Ke6 29. Kf3 b5 30. Ke3 g5 31. g3 h5 32.
h4 gxf4+ 33. gxf4 a6 34. b3 Nc8 35. Nf1 Kf7 36. Ng3 Kg6 37. f5+ Kh6 38. e5 fxe5 39.
Ke4 c4 40. bxc4 bxc4 41. Ne2 Nd6+ 42. Kxe5 Nb5 43. a4 Nc7 44. Nc3 Kg7 45. Kd6 Ne8+ 46.
Ke7 Nf6 47. Ke6 Ng4 48. Ne4 Kf8 49. f6 Ne3 50. Nc5 1-0

[Event "*** Titled Tuesday 3|2 Blitz"]
[Site "Chess.com"]
[Date "2016.07.05"]
[Round "3"]
[White "FearlessKing64"]
[Black "Ksenia_Legenko"]
[Result "1-0"]
[WhiteElo "2116"]
[BlackElo "2066"]
[TimeControl "180+2"]
[EndTime "17:36:15 PDT"]
[Termination "FearlessKing64 won by checkmate"]

1. e4 c6 2. d4 d5 3. e5 Bf5 4. h4 h5 5. Bg5 Qb6 6. Bd3 Bxd3 7.
Qxd3 Qxb2 8. Ne2 e6 9. O-O Be7 10. Nd2 Bxg5 11. hxg5 Qb6 12. g6 Nh6 13. gxf7+ Nxf7 14. Nf4 Rh6 15. Rab1 Qc7 16. c4 Nd7 17. cxd5 exd5 18.
e6 Qxf4 19. exd7+ Kd8 20. Rxb7 Nd6 21. Qa6 Nxb7 22. Qxb7 Qb8 23. Qa6 Qb6 24. Qa3 Kxd7 25. Nf3 Qc7 26. Ne5+ Ke8 27. Re1 Re6 28. Qh3 Re7 29. Qxh5+ Kd8 30. Qh8+ Re8 31. Qh4+ Kc8 32. Qh3+ Kd8 33. Qh4+ Kc8 34. Qg4+ Kb7 35. Rb1+ Ka6 36.
Qe2+ Ka5 37. Qd2+ Ka6 38. Qd3+ Ka5 39. Qa3# 1-0